 Dungeon Crawl Stone Soup version 0.31-a0-986-g5e6e4ef867 (webtiles) character file.

Game seed: 8522074975981890139

151 Xavori the Trooper (level 5, 48/48 HPs)
             Began as a Djinni Chaos Knight on Nov 5, 2023.
             Was a Plaything of Xom.
             Quit the game on level 1 of the Abyss.
             The game lasted 00:02:20 (4076 turns).

Xavori the Trooper (Djinni Chaos Knight)            Turns: 4076, Time: 00:02:20

Health: 48/48      AC:  8    Str: 11    XL:     5   Next: 60%
Gold:   110        EV: 12    Int: 13    God:    Xom [.....*] SH:  4 Dex: 17

rFire   + + .        m - +0 long sword (holy)
rCold   x . .        d - +0 buckler
rNeg    . . .        b - +2 leather armour
rPois   ∞            (helmet restricted)
rElec   .            l - +0 cloak
rCorr   .            (no gloves)
SInv    +            (boots unavailable)
Will    .....        (no amulet)
Stlth   ++           g - ring of see invisible
HPRegen 0.28/turn    (no ring)
MPRegen 0.00/turn

%: no passive effects
@: flying, studying Stealth
A: sickness immunity, fire resistance 2, cold vulnerability 1, float, innate
caster, HP casting, extra vitality 1, horns 1, iridescent scales 1, thin
skeletal structure 1, robust 2, screaming 1
a: Renounce Religion


You were on level 1 of the Abyss.
You worshipped Xom.
You were Xom's teddy bear.
You visited 1 branch of the dungeon, and saw 4 of its levels.
You visited the Abyss 1 time.

You collected 198 gold pieces.
You spent 88 gold pieces at shops.

Inventory:

Hand Weapons
 m - a +0 long sword of holy wrath (weapon)
Armour
 b - a +2 leather armour (worn)
 d - a +0 buckler (worn)
 i - a +0 helmet
 l - a +0 cloak (worn)
Jewellery
 g - a ring of see invisible (left hand)
Scrolls
 c - a scroll of butterflies
 e - a scroll of revelation {unknown}
 k - a scroll of identify {unknown}
 n - a scroll of torment {unknown}
Potions
 a - 3 potions of curing {unknown}
 f - 3 potions of heal wounds
 h - a potion of mutation


   Skills:
 + Level 3.5 Fighting
 + Level 3.2 Long Blades
 + Level 2.0 Armour
 + Level 3.0 Dodging
 + Level 1.0 Shields
 * Level 1.5 Spellcasting
 * Level 1.5 Conjurations
 * Level 1.5 Hexes
   Level 0.0 Charms
 * Level 1.5 Summonings
 * Level 1.5 Necromancy
 * Level 1.5 Translocations
 * Level 1.5 Transmutations
 * Level 1.5 Fire Magic
 * Level 1.5 Ice Magic
 * Level 1.5 Air Magic
 * Level 1.5 Earth Magic
 * Level 1.5 Poison Magic


You knew the following spells:

 Your Spells              Type           Power      Damage    Failure   Level
a - Summon Small Mammal   Summ           16%        N/A       28%         1
b - Passwall              Tmut/Erth      3%         N/A       38%         2
Your spell library was empty.

Dungeon Overview and Level Annotations

Branches:
Dungeon (4/15)
 Temple: D:4-7

Altars:
Cheibriados
Qazlal
Uskayaw
The Shining One

Shops:
D:2 !

Annotations:
D:2 1 runed translucent door, Crazy Yiuf
D:4 Edmund


Innate Abilities, Weirdness & Mutations

You are immune to sickness and miasma.
You are immune to poison.
Your flesh is very heat resistant. (rF++)
You are vulnerable to cold. (rC-)
You float through the air rather than walking.
You learn spells naturally, not from books.
Your magical power is your life essence.
You have superior vitality. (+4 MHP)
You have a pair of small horns on your head.
You are partially covered in iridescent scales. (AC +2)
You have a somewhat thin skeletal structure. (Dex +2, Stealth+)
You are very robust. (+20% HP)
You occasionally shout uncontrollably at your foes.


Message History

Unknown command. "Serve the toy, my child!"
Your quasit bites Edmund.
Your quasit barely misses Edmund.
Your quasit claws Edmund.
You closely miss Edmund.
Edmund is moderately wounded.
Your quasit bites Edmund but does no damage.
Your quasit closely misses Edmund.
Your quasit claws Edmund but does no damage.
Edmund closely misses you.
Your quasit bites Edmund but does no damage.
Your quasit claws Edmund. x2
Edmund hits you with a +4 flail of distortion.
You blink.
Unknown command.
Unknown command.
Unknown command.
Okay, then.
It was a potion of mutation.
You feel extremely strange.
You feel genetically unstable.
You no longer feel strong-willed.
You feel the urge to shout.
Your thinking seems confused.
Iridescent scales grow over part of your body.
Your quasit bites Edmund but does no damage.
Your quasit closely misses Edmund.
Your quasit barely misses Edmund.
You block Edmund's attack.
Unknown command.
You barely miss Edmund.
Edmund is moderately wounded.
Your quasit bites Edmund but does no damage.
Your quasit claws Edmund. x2; Your iron imp closely misses Edmund.
Edmund hits you but does no damage.
You are cast into the Abyss!
This branch contains the abyssal rune of Zot.
Xom roars with laughter!
HP restored.
There is an empty arch of ancient stone here.
Key pressed, stopping explore.
A tentacled starspawn comes into view.
You yell at the tentacled starspawn!
Are you sure you want to abandon this character and quit the game? (Confirm with "yes".)

........###..###
..........#..#.
######.......###
####.. .#.#..#
#...#...#..#..#
. #...#.....# #
#.# ...##.#..# .
.#∩##.....#...+
# . ... ..
.###.@.#
...........#
#........# .##
..#
.#...'#.#.... ..
.. ##......# ..#
. .....
......### .# ..
.........X . ..
......#.# . .
..#.##.#.#


You could see a tentacled starspawn.

Vanquished Creatures
  A jelly (D:4)
  Robin (D:2)
  3 adders
  A worm (D:2)
  A dart slug (D:1)
  4 orcs (D:3)
  7 ball pythons
  3 bats (D:3)
  8 endoplasms
  4 giant cockroaches
  13 goblins
  11 hobgoblins
  2 frilled lizards
  4 kobolds
  3 rats
66 creatures vanquished.

Vanquished Creatures (collateral kills)
  An orc (D:3)
  A bat (D:3)
2 creatures vanquished.

Grand Total: 68 creatures vanquished

Notes
Turn   | Place    | Note
-------+----------+-------------------------------------------
     0 | D:1      | Xavori the Djinni Chaos Knight began the quest for the Orb.
     0 | D:1      | Reached XP level 1. HP: 20/20 MP: 0/0
    26 | D:1      | XOM: silly message
    31 | D:1      | Reached XP level 2. HP: 23/25 MP: 0/0
   179 | D:1      | Reached XP level 3. HP: 30/30 MP: 0/0
   179 | D:1      | Learned a level 1 spell: Summon Small Mammal
   252 | D:1      | XOM: 2-stop teleportation journey
   287 | D:1      | XOM: give mutation
   287 | D:1      | Gained mutation: You have a somewhat thin skeletal
                  | structure. (Dex +2, Stealth+) [Xom's grace]
   492 | D:1      | XOM: give mutations
   492 | D:1      | Gained mutation: You are somewhat resistant to further
                  | mutation. [Xom's grace]
   492 | D:1      | Gained mutation: You are robust. (+10% HP) [Xom's grace]
  1645 | D:1      | XOM: give mutations
  1645 | D:1      | Gained mutation: You have a pair of small horns on your
                  | head. [Xom's grace]
  1645 | D:1      | Gained mutation: You are strong-willed. (Will+) [Xom's
                  | grace]
  1653 | D:1      | XOM: scenery: summon butterflies
  1850 | D:2      | XOM: god gift: ring of see invisible
  1864 | D:2      | Reached skill level 1 in Spellcasting
  1864 | D:2      | Reached skill level 1 in Conjurations
  1864 | D:2      | Reached skill level 1 in Hexes
  1864 | D:2      | Reached skill level 1 in Summonings
  1864 | D:2      | Reached skill level 1 in Necromancy
  1864 | D:2      | Reached skill level 1 in Translocations
  1864 | D:2      | Reached skill level 1 in Transmutations
  1864 | D:2      | Reached skill level 1 in Fire Magic
  1864 | D:2      | Reached skill level 1 in Ice Magic
  1864 | D:2      | Reached skill level 1 in Air Magic
  1864 | D:2      | Reached skill level 1 in Earth Magic
  1864 | D:2      | Reached skill level 1 in Poison Magic
  1877 | D:2      | Found Ickisme's Distillery.
  1884 | D:2      | Bought a potion of heal wounds for 55 gold pieces
  1884 | D:2      | Bought a potion of attraction for 33 gold pieces
  1892 | D:2      | XOM: scenery: 2 doors open
  1941 | D:2      | Reached XP level 4. HP: 38/38 MP: 0/0
  2121 | D:2      | Noticed Robin
  2135 | D:2      | Killed Robin
  2351 | D:2      | XOM: give mutation
  2351 | D:2      | Gained mutation: You possess an exceptional clarity of
                  | mind. [Xom's grace]
  2502 | D:2      | XOM: give mutation
  2502 | D:2      | Gained mutation: You are very robust. (+20% HP) [Xom's
                  | grace]
  2523 | D:2      | Found a runed translucent door.
  2524 | D:2      | Noticed Crazy Yiuf
  2804 | D:3      | XOM: scenery: 4 doors open
  2824 | D:3      | Reached XP level 5. HP: 33/48 MP: 0/0
  2824 | D:3      | Learned a level 2 spell: Passwall
  3228 | D:3      | Found a stormy altar of Qazlal.
  3285 | D:3      | Found a hide-covered altar of Uskayaw.
  3286 | D:3      | Found a snail-covered altar of Cheibriados.
  3286 | D:3      | Found a glowing golden altar of the Shining One.
  3450 | D:3      | XOM: cloud trail
  3476 | D:3      | XOM: divination: detect creatures
  3502 | D:3      | XOM: god gift: staff of air
  3933 | D:4      | Reached skill level 1 in Shields
  3967 | D:4      | Noticed Edmund
  3967 | D:4      | Noticed a steam dragon
  3967 | D:4      | XOM: summons 5 friendly demons
  3983 | D:4      | XOM: summons friendly quasit
  3986 | D:4      | XOM: fog
  3987 | D:4      | XOM: summons friendly iron imp
  3989 | D:4      | Lost mutation: You are somewhat resistant to further
                  | mutation. [potion of mutation]
  3989 | D:4      | Lost mutation: You are strong-willed. (Will+) [potion of
                  | mutation]
  3989 | D:4      | Gained mutation: You occasionally shout uncontrollably at
                  | your foes. [potion of mutation]
  3989 | D:4      | Lost mutation: You possess an exceptional clarity of mind.
                  | [potion of mutation]
  3989 | D:4      | Gained mutation: You are partially covered in iridescent
                  | scales. (AC +2) [potion of mutation]
  3990 | Abyss:1  | Cast into level 1 of the Abyss (Edmund)
  4075 | Abyss:1  | Noticed a tentacled starspawn
  4076 | Abyss:1  | Quit the game

Illustrated notes

Levels and vault maps discovered:
D:1:      heliophobic_arrival_ceremonial_halls, layout_loops_ring
D:2:      layout_basic, basic_altar, serial_shops,
          nicolae_shop_industrial_runoff, uniq_crazy_yiuf_cottage, uniq_robin
D:3:      layout_basic, grunt_qazlal_sundering,
          gammafunk_temple_overflow_forgotten
D:4:      layout_gridville, uniq_edmund, uniq_ijyb
Abyss:1:  base: D:2, evilmike_abyss_exit_kraken

Skill      XL: |  1  2  3  4  5 |
---------------+----------------+-----
Long Blades    | 3 |  3.2
Spellcasting   | 1 |  1.5
Conjurations   | 1 |  1.5
Hexes          | 1 |  1.5
Summonings     | 1 |  1.5
Necromancy     | 1 |  1.5
Translocations | 1 |  1.5
Transmutations | 1 |  1.5
Fire Magic     | 1 |  1.5
Ice Magic      | 1 |  1.5
Air Magic      | 1 |  1.5
Earth Magic    | 1 |  1.5
Poison Magic   | 1 |  1.5
Armour         | 2 |  2.0
Dodging        | 3 |  3.0
Shields        | 1 |  1.0
Fighting       | |  3.5

Action                     |  1- 3 |  4- 6 || total
---------------------------+-------+-------++-------
  Melee: Falchion          |    70 |    44 ||   114
         Headbutt          |     1 |    10 ||    11
         Long sword        |       |    35 ||    35
    Use: Scroll            |       |     1 ||     1
         Potion            |       |     1 ||     1
   Stab: Sleeping          |     4 |     6 ||    10
         Paralysed         |     4 |       ||     4
         Betrayed ally     |       |     1 ||     1
 Armour: Leather armour    |    30 |    41 ||    71
  Dodge: Dodged            |    38 |    31 ||    69
  Block: Buckler           |     2 |    17 ||    19

Table legend: (Time is in decaauts)
 A = Elapsed time spent in this place.
 B = Non-inter-level travel time spent in this place.
 C = Inter-level travel time spent in this place.
 D = Time resting spent in this place.
 E = Time spent auto-exploring this place.
 F = Levels seen in this place.
 G = Mean time per level.
                   A        B        C        D        E       F      G
               +--------+--------+--------+--------+--------+-----+--------+
         Total |   4107 |   4014 |     93 |   1151 |   2414 |   5 |  821.4 |
       Dungeon |   4021 |   3928 |     93 |   1151 |   2331 |   4 | 1005.2 |
         Abyss |     86 |     86 |      0 |      0 |     83 |   1 |   86.0 |
               +--------+--------+--------+--------+--------+-----+--------+

Top non-repeatable levels by time:
     D:1: 1839 daAuts
     D:3: 1139 daAuts
     D:2: 975 daAuts
 Abyss:1: 86 daAuts
     D:4: 65 daAuts
